Map: Curious Minds LE

Players

RagnaroK (SHIN) - Winner!

  • Race: Zerg Zerg
  • League: Master

DPGherO (herO)

  • Race: Protoss Protoss
  • League: Master

Event: TSL 8

VOD

Have the link to the VOD?

Description

Time

  • Played on: Dec. 10, 2021, 10:06 a.m.
  • Length: 15:49

All games in this series

Show
View Real Time Build Order
Export as new Build Order

RagnaroK Zerg - Winner!

Build Orders: Hatch First 

Get SALT Encoding   

  12  0:00  Drone  
  13  0:12  Overlord  
  13  0:16  Drone  
  14  0:31  Drone x2  
  16  0:46  Drone  
  17  0:57  Drone  
  17  1:00  Drone, Hatchery  
  18  1:12  Extractor  
  18  1:16  Spawning Pool  
  16  1:20  Drone  
  16  1:24  Drone  
  18  1:28  Drone  
  19  1:39  Drone  
  20  1:45  Extractor  
  19  1:49  Drone  
  20  2:04  Zergling x2  
  21  2:11  Zergling x2  
  21  2:12  Queen x2  
  21  2:14  Overlord  
  26  2:17  Metabolic Boost  
  26  2:22  Drone  
  27  2:26  Drone  
  28  2:40  Drone x2  
  30  2:46  Drone x2  
  31  2:52  Hatchery  
  31  2:54  Zergling x2  
  31  2:57  Drone  
  32  3:01  Queen  
  34  3:06  Overlord  
  34  3:09  Drone  
  35  3:17  Drone, Overlord  
  35  3:25  Drone x5  
  40  3:27  Drone  
  40  3:33  Drone, Overlord  
  42  3:40  Roach Warren  
  41  3:42  Drone  
  41  3:47  Drone  
  43  3:53  Zergling x2  
  44  3:56  Zergling x8  
  48  4:04  Zergling x4  
  48  4:07  Extractor  
  49  4:10  Zergling x8  
  49  4:15  Overlord  
  49  4:16  Drone  
  54  4:21  Overlord  
  54  4:28  Roach x4  
  60  4:37  Drone x2  
  60  4:38  Drone x3  
  61  4:41  Roach x2  
  61  4:43  Zergling x6  
  68  4:52  Overlord  
  68  4:53  Zergling x4  
  70  5:02  Overlord  
  70  5:04  Roach x2  
  74  5:12  Overlord x2  
  74  5:13  Overlord x2  
  74  5:19  Drone x4  
  80  5:21  Roach x4  
  86  5:28  Overlord  
  86  5:29  Overlord  
  86  5:31  Roach  
  90  5:35  Roach  
  90  5:37  Roach  
  90  5:39  Roach  
  94  5:44  Extractor  
  94  5:46  Roach x3  
  94  5:48  Roach  
  101  5:51  Zergling x2  
  101  5:52  Zergling x8  
  106  5:58  Zergling x6  
  106  6:03  Zergling x4  
  102  6:08  Lair  
  102  6:09  Drone, Queen  
  104  6:13  Spore Crawler  
  104  6:14  Spore Crawler  
  104  6:16  Spore Crawler  
  104  6:18  Drone  
  101  6:21  Drone x2  
  101  6:23  Drone  
  106  6:25  Drone x2  
  106  6:32  Drone x3  
  109  6:39  Drone x4  
  113  6:40  Drone x2  
  113  6:50  Overlord  
  113  6:51  Overlord  
  112  6:59  Overlord  
  112  7:00  Zergling x10  
  117  7:02  Extractor  
  117  7:06  Glial Reconstitution  
  116  7:09  Overseer  
  116  7:14  Zergling x8  
  120  7:19  Spire  
  120  7:20  Drone, Extractor  
  120  7:22  Drone x4  
  120  7:24  Drone  
  120  7:25  Extractor  
  111  7:34  Drone  
  111  7:35  Drone  
  110  7:37  Drone x5  
  110  7:38  Drone  
  110  7:43  Drone x2  
  110  7:44  Drone  
  116  7:45  Spore Crawler  
  116  7:48  Spore Crawler  
  116  7:49  Spore Crawler  
  113  7:54  Drone x4  
  113  7:58  Overlord x2  
  112  8:08  Drone x2, Overlord x2  
  112  8:12  Drone x2  
  115  8:15  Overlord  
  115  8:17  Overlord  
  115  8:25  Queen  
  117  8:30  Corruptor x5  
  124  8:37  Corruptor x2  
  124  8:47  Corruptor  
  124  8:48  Corruptor x2  
  122  8:56  Queen  
  122  8:57  Corruptor  
  120  9:06  Evolution Chamber  
  120  9:07  Corruptor  
  120  9:10  Ravager x5  
  120  9:12  Roach  
  120  9:13  Hatchery  
  120  9:15  Roach x4  
  134  9:21  Zergling x2, Roach  
  134  9:22  Zergling x6  
  140  9:25  Overlord  
  140  9:26  Overlord  
  140  9:31  Overlord  
  140  9:36  Roach x3  
  140  9:37  Roach  
  132  9:38  Roach  
  132  9:42  Roach x2  
  114  9:46  Roach x2  
  114  9:48  Roach  
  114  9:51  Roach  
  108  9:55  Roach  
  108  9:56  Ravager x3  
  108  9:57  Ravager  
  108  9:58  Roach  
  108  9:59  Ravager x2  
  118  10:01  Roach  
  118  10:05  Roach  
  122  10:09  Roach  
  122  10:13  Roach  
  126  10:16  Hatchery  
  126  10:19  Zerg Missile Weapons Level 1  
  125  10:21  Zergling x6  
  125  10:24  Ravager x2  
  125  10:26  Queen  
  132  10:30  Zergling x6  
  135  10:37  Zergling x8, Roach  
  138  10:48  Roach x2  
  138  10:49  Roach x2  
  143  10:51  Roach x2  
  143  10:52  Roach  
  143  10:53  Roach  
  143  10:54  Roach  
  148  10:58  Roach  
  148  11:00  Queen  
  148  11:03  Roach x2  
  153  11:08  Overlord  
  153  11:11  Overlord  
  153  11:15  Overseer, Overlord  
  153  11:16  Overlord  
  153  11:21  Roach  
  153  11:23  Roach x3  
  149  11:26  Roach  
  149  11:28  Roach  
  146  11:36  Roach x3  
  150  11:40  Roach  
  150  11:46  Roach  
  145  11:56  Drone x2  
  139  12:02  Drone x3  
  139  12:03  Drone  
  143  12:09  Queen  
  143  12:14  Zergling x2  
  143  12:15  Zergling x4  
  148  12:23  Drone x6  
  154  12:33  Baneling Nest  
  153  12:37  Zerg Melee Weapons Level 1  
  153  12:42  Zergling x18  
  162  12:50  Zergling x6  
  165  12:54  Drone x3  
  164  13:04  Drone  
  164  13:05  Drone x2  
  165  13:08  Ravager, Overlord  
  165  13:09  Ravager  
  165  13:10  Zergling x8  
  171  13:15  Centrifugal Hooks  
  171  13:16  Zergling x2  
  171  13:17  Zergling x6  
  175  13:23  Zergling x4  
  176  13:30  Baneling x25  
  176  13:31  Baneling  
  176  13:34  Drone  
  176  13:37  Zergling x8  
  181  13:42  Overseer  
  181  13:47  Zergling x2  
  181  13:48  Zergling x16  
  190  13:56  Drone  
  190  13:59  Infestation Pit  
  190  14:01  Zergling x18  
  199  14:11  Baneling x19  
  198  14:24  Zergling x6  
  200  14:32  Baneling x2  
  194  14:38  Baneling x2  
  194  14:39  Baneling x11  
  194  14:41  Zergling x12  
  199  14:49  Hatchery  
  199  14:50  Zergling x12  
  179  15:00  Zergling x14  
  164  15:08  Zergling x2  
  164  15:09  Zergling x10  
  129  15:21  Zergling x20  
Show
View Real Time Build Order
Export as new Build Order

DPGherO Protoss 

Build Orders: 1 Gate Expand, Mass Adepts 

Get SALT Encoding   

  12  0:00  Probe  
  13  0:12  Probe  
  14  0:17  Pylon  
  14  0:24  Probe (Chrono Boost)  
  15  0:36  Probe (Chrono Boost)  
  15  0:38  Gateway  
  16  0:44  Probe (Chrono Boost)  
  16  0:47  Assimilator  
  17  0:50  Probe  
  18  1:02  Probe  
  19  1:15  Probe  
  20  1:27  Cybernetics Core  
  20  1:35  Nexus  
  20  1:42  Pylon  
  20  1:46  Probe  
  21  1:58  Probe  
  21  2:00  Adept (Chrono Boost)  
  22  2:01  Warp Gate (Chrono Boost)  
  22  2:04  Assimilator  
  24  2:10  Probe  
  25  2:22  Probe  
  26  2:23  Stalker  
  28  2:34  Probe  
  29  2:41  Gateway  
  29  2:46  Probe  
  29  2:49  Probe  
  31  2:53  Adept  
  31  2:57  Gateway  
  33  3:01  Probe (Chrono Boost)  
  33  3:03  Probe (Chrono Boost)  
  35  3:10  Probe (Chrono Boost)  
  37  3:13  Probe (Chrono Boost)  
  37  3:15  Twilight Council, Probe (Chrono Boost)  
  38  3:23  Pylon  
  38  3:24  Probe  
  39  3:27  Probe  
  40  3:34  Assimilator  
  40  3:36  Probe  
  40  3:39  Probe  
  42  3:42  Adept x2  
  42  3:46  Resonating Glaives (Chrono Boost)  
  46  3:48  Probe  
  46  3:51  Adept, Probe  
  50  3:55  Pylon  
  50  4:03  Probe  
  50  4:04  Robotics Facility, Probe  
  52  4:14  Adept x3  
  58  4:17  Probe  
  58  4:18  Probe  
  60  4:25  Pylon  
  58  4:38  Adept x2  
  56  4:39  Adept  
  56  4:45  Gateway  
  58  4:46  Gateway  
  58  4:48  Warp Prism (Chrono Boost)  
  60  5:00  Adept x3  
  60  5:04  Probe x2  
  68  5:08  Assimilator  
  68  5:11  Stargate  
  68  5:12  Stargate  
  68  5:16  Probe x2  
  68  5:19  Pylon  
  68  5:20  Pylon  
  70  5:33  Pylon  
  70  5:38  Adept x3  
  76  5:45  Observer (Chrono Boost)  
  76  5:47  Protoss Air Weapons Level 1  
  76  5:48  Probe  
  78  5:51  Pylon  
  78  5:57  Phoenix x2  
  78  6:03  Immortal (Chrono Boost)  
  66  6:10  Shield Battery  
  60  6:12  Adept x2  
  60  6:15  Pylon  
  64  6:22  Phoenix (Chrono Boost)  
  66  6:28  Phoenix (Chrono Boost)  
  68  6:44  Nexus  
  68  6:46  Phoenix (Chrono Boost)  
  66  6:47  Phoenix (Chrono Boost), Pylon  
  68  6:58  Adept x3  
  68  7:01  Pylon  
  73  7:07  Phoenix (Chrono Boost), Shield Battery  
  75  7:11  Phoenix (Chrono Boost)  
  79  7:15  Probe  
  79  7:24  Adept x3  
  79  7:28  Phoenix  
  82  7:31  Probe x2  
  82  7:38  Phoenix  
  86  7:48  Immortal (Chrono Boost)  
  88  7:52  Gateway  
  88  7:56  Phoenix  
  90  8:07  Phoenix  
  90  8:10  Gateway  
  90  8:11  Pylon  
  92  8:24  Immortal (Chrono Boost)  
  96  8:33  Adept x3  
  100  8:40  Pylon  
  100  8:51  Adept  
  98  8:57  Adept x3  
  104  9:03  Observer  
  104  9:07  Pylon  
  105  9:14  Sentry  
  105  9:15  Stalker  
  109  9:18  Stalker x3  
  103  9:40  Warp Prism (Chrono Boost)  
  103  9:43  Adept x5  
  87  10:03  Adept  
  87  10:04  Adept x4  
  97  10:25  Adept x5  
  107  10:29  Robotics Bay  
  107  10:47  Stalker x3  
  107  10:48  Stalker  
  101  11:10  Stalker x4  
  109  11:12  Stalker  
  109  11:16  Disruptor (Chrono Boost)  
  104  11:30  Blink (Chrono Boost)  
  78  11:45  Disruptor (Chrono Boost)  
  71  12:00  Adept  
  71  12:01  Adept  
  69  12:03  Stalker x2, Sentry  
  75  12:17  Disruptor (Chrono Boost)  
  78  12:27  Pylon  
  78  12:32  Stalker x2  
  82  12:46  Disruptor (Chrono Boost)  
  83  13:02  Sentry  
  83  13:03  Sentry x3  
  91  13:15  Nexus  
  91  13:19  Disruptor (Chrono Boost)  
  94  13:47  Stalker x4  
  102  13:51  Disruptor (Chrono Boost)  
  103  14:11  Stalker x2  
  103  14:12  Stalker  
  109  14:21  Disruptor (Chrono Boost)  
  112  14:45  Stalker x3  
  75  15:07  Stalker  
Tags
 
Add a new tag
Caveats
  • Supply blocks, unpowered buildings, or Contaminate may cause inaccurate times.
  • Supply counts are checked every 10 seconds.